 Dungeon Crawl Stone Soup version 0.19.1-1-g22dce08 (webtiles) character file.

96 Alarkh the Chopper (level 4, -11/33 HPs)
             Began as a Demonspawn Skald on Jan 4, 2017.
             Killed from afar by a rime drake (15 damage)
             ... with a flash freeze
             ... created by the adversity of Qazlal
             ... on level 3 of the Dungeon.
             The game lasted 00:03:12 (1871 turns).

Alarkh the Chopper (Demonspawn Skald)               Turns: 1871, Time: 00:03:12

Health: -11/33     AC: 15    Str: 15    XL:     4   Next: 41%
Magic:  7/7        EV:  8    Int: 15    God:
Gold:   84         SH:  0    Dex: 12    Spells: 1 memorised, 6 levels left

rFire  . . .     SeeInvis .     a - +1 hand axe
rCold  . . .     Gourm    .     i - +4 chain mail
rNeg   . . .     Faith    .     (no shield)
rPois  +         Spirit   .     (helmet restricted)
rElec  .         Reflect  .     e - +0 cloak
rCorr  .         Harm     .     m - +0 pair of gloves {Str+3}
MR     .....                    o - +0 pair of boots
Stlth  ..........               (no amulet)
                                l - ring of poison resistance
                                (no ring)

@: no status effects
A: horns 1, repulsion field 1
a: no special abilities


You were on level 3 of the Dungeon.
You were hungry.

You visited 1 branch of the dungeon, and saw 3 of its levels.

You collected 84 gold pieces.

Inventory:

Hand Weapons
 a - a +1 hand axe (weapon)
Armour
 e - a +0 cloak (worn)
 i - a +4 chain mail (worn)
 m - a +0 pair of gloves of strength (worn)
 o - a +0 pair of boots (worn)
Jewellery
 k - an uncursed ring of teleportation
 l - a ring of poison resistance (right hand)
Scrolls
 b - a scroll of enchant weapon
 h - a scroll of remove curse
Potions
 j - 3 potions of cancellation {unknown}
 n - a potion of heal wounds {unknown}
 r - a potion of curing {unknown}
Books
 c - a book of Battle

   Spells                             Type                      Level
   a - Infusion                       Charms                       1
   b - Shroud of Golubria             Charms/Translocation         2
   c - Song of Slaying                Charms                       2
   d - Spectral Weapon                Hexes/Charms                 3
   e - Regeneration                   Charms/Necromancy            3
Comestibles
 d - a bread ration
 f - a beef jerky
 g - a slice of pizza
 q - 6 chunks of flesh


   Skills:
 - Level 2.0 Fighting
 + Level 4.2 Axes
 - Level 0.8 Armour
 - Level 0.8 Dodging
 - Level 2.0 Spellcasting
 - Level 2.6 Charms


You had 6 spell levels left.
You knew the following spells:

 Your Spells              Type           Power        Failure   Level  Hunger
a - Infusion              Chrm           #...         99%         1    #......


Dungeon Overview and Level Annotations

Branches:
Dungeon (3/15)

Altars:
Dithmenos
Qazlal


Innate Abilities, Weirdness & Mutations

You have a pair of small horns on your head.
You are surrounded by a mild repulsion field. (EV +2)


Message History

The rime drake bites you but does no damage.
As you read the scroll labeled QEHU USIFIQ, it crumbles to dust.
The scroll dissolves into smoke.
It was a scroll of fog.
The rime drake bites you but does no damage.
The wind drake misses you.
You hit the rime drake but do no damage.
You headbutt the rime drake.
The rime drake is moderately wounded.
You miss the wind drake.
The wind drake exhales a fierce blast of wind!
You are blown backwards!
You collide with the rime drake!
The rime drake barely misses you.
You hit the rime drake. You headbutt the rime drake.
The rime drake is almost dead.
The rime drake bites you.
* * * LOW HITPOINT WARNING * * *
Your unstable footing causes you to fumble your attack.
The rime drake breathes ice at you. The flash freeze hits you!
You die...

####
≈########§.#
#≈§k@§k§k#.#
##########.#
#..# #.##
#.# #.# #.#
#.# #.#


You could see a wind drake and a rime drake.

Vanquished Creatures
  2 adders (D:2)
  A river rat (D:3)
  3 worms
  3 dart slugs (D:1)
  4 leopard geckos
  An orc (D:2)
  A ball python (D:2)
  A giant cockroach (D:2)
  4 goblins
  4 hobgoblins (D:1)
  4 jackals
  5 bats
  3 frilled lizards
  7 kobolds
  9 rats
52 creatures vanquished.

Notes
Turn   | Place    | Note
-------+----------+-------------------------------------------
     0 | D:1      | Alarkh the Demonspawn Skald began the quest for the Orb.
     0 | D:1      | Reached XP level 1. HP: 16/16 MP: 3/3
    61 | D:1      | Reached skill level 2 in Axes
   312 | D:1      | Gained mutation: You are surrounded by a mild repulsion field. (EV +2) [demonic ancestry]
   312 | D:1      | Reached XP level 2. HP: 22/22 MP: 0/5
   525 | D:1      | Reached skill level 3 in Axes
   532 | D:1      | Gained mutation: You have a pair of small horns on your head. [demonic ancestry]
   532 | D:1      | Reached XP level 3. HP: 20/27 MP: 6/6
  1047 | D:2      | Found a faded altar of an unknown god.
  1061 | D:2      | Became a worshipper of Qazlal Stormbringer
  1061 | D:2      | Reached * piety under Qazlal
  1062 | D:2      | Fell from the grace of Qazlal
  1274 | D:2      | Found a shadowy altar of Dithmenos.
  1292 | D:2      | Reached XP level 4. HP: 33/33 MP: 7/7
  1477 | D:2      | Reached skill level 4 in Axes
  1866 | D:3      | Noticed a wind drake
  1866 | D:3      | Noticed a rime drake
  1871 | D:3      | Killed from afar by a rime drake

Skill      XL: |  1  2  3  4 |
---------------+-------------+-----
Axes           | 2 3 4 |  4.2
Fighting       | |  2.0
Armour         | |  0.8
Dodging        | |  0.8
Spellcasting   | |  2.0
Charms         | |  2.6

Action                   |  1- 3 |  4- 6 || total
-------------------------+-------+-------++-------
Melee: Hand axe          |   119 |    71 ||   190
       Headbutt          |    12 |    12 ||    24
 Cast: Infusion          |     5 |       ||     5
Invok: Renounce Religion |     1 |       ||     1
  Use: Potion            |     1 |       ||     1
       Scroll            |     3 |     2 ||     5
  Eat: Chunk             |     1 |     2 ||     3
Armor: Skin              |    35 |       ||    35
       Leather armour    |    25 |       ||    25
       Chain mail        |    51 |    34 ||    85
Dodge: Dodged            |    65 |    24 ||    89
